 Dungeon Crawl Stone Soup version 0.22-a0-406-g9ff8d77 (webtiles) character file.

140 Borgoz the Shield-Bearer (level 5, -10/33 HPs)
             Began as a Gargoyle Fighter on May 8, 2018.
             Mangled by an ogre
             ... wielding a +0 giant club
              (20 damage)
             ... on level 3 of the Dungeon.
             The game lasted 00:01:52 (1717 turns).

Borgoz the Shield-Bearer (Gargoyle Fighter)         Turns: 1717, Time: 00:01:53

Health: -10/33     AC: 11    Str: 24    XL:     5   Next: 23%
Magic:  5/5        EV:  8    Int:  9    God:
Gold:   195        SH: 10    Dex: 10    Spells: 4/4 levels left

rFire    . . .     SeeInvis .   a - +0 war axe
rCold    . . .     Gourm    .   c - +0 shield
rNeg     + . .     Faith    .   b - +0 scale mail
rPois    ∞         Spirit   .   (no helmet)
rElec    +         Reflect  .   (no cloak)
rCorr    .         Harm     .   (no gloves)
MR       .....                  (no boots)
Stlth    ..........             (no amulet)
HPRegen  0.11/turn              (no ring)
MPRegen  0.09/turn              (no ring)

@: mighty
A: negative energy resistance 1, electricity resistance, unbreathing,
petrification resistance, rot immunity, AC +4
a: no special abilities


You were on level 3 of the Dungeon.
You were not hungry.

You visited 1 branch of the dungeon, and saw 3 of its levels.

You collected 195 gold pieces.

Inventory:

Hand Weapons
 a - a +0 war axe (weapon)
Armour
 b - a +0 scale mail (worn)
 c - a +0 shield (worn)
Jewellery
 p - a +4 ring of dexterity {unknown}
Scrolls
 e - 2 scrolls of teleportation {unknown}
 g - 6 scrolls of identify {unknown}
 i - 3 scrolls of remove curse {unknown}
 m - a scroll of amnesia {unknown}
Potions
 d - a potion of might
 h - 2 potions of heal wounds {unknown}
 j - a potion of flight {unknown}
 k - a potion of haste {unknown}
 l - 2 potions of curing {unknown}
 o - a potion of brilliance {unknown}
Comestibles
 f - 9 rations


   Skills:
 + Level 4.0 Fighting
 + Level 2.6 Axes
 + Level 4.0 Armour
 + Level 1.5 Dodging
 + Level 4.1 Shields


You had 4 spell levels left.
You didn't know any spells.

Dungeon Overview and Level Annotations

Branches:
Dungeon (3/15)

Altars:


Innate Abilities, Weirdness & Mutations

You are resistant to torment.
Your stone body is resilient. (AC +4)
You are immune to poison.
You resist negative energy. (rN+)
You are resistant to electric shocks. (rElec)
You can survive without breathing.
You are immune to petrification.
You are immune to rotting.


Message History

An ogre is nearby!
Found 20 stones.
All of the chunks of flesh in your inventory have rotted away.
You hit the ogre but do no damage. The ogre hits you with a giant club!!
Ouch! That really hurt!
You are too injured to fight recklessly!
You are too injured to fight recklessly!
You hit the ogre.
The ogre is lightly wounded.
The ogre barely misses you.
You slash the ogre!
The ogre is moderately wounded.
The ogre hits you with a giant club.
You feel very mighty all of a sudden. The ogre barely misses you.
You slash the ogre!
The ogre is severely wounded.
The ogre hits you with a giant club!!
Ouch! That really hurt!
You die...

#...# #..≈≈≈§≈≈≈≈ #####
#.......... #)#######
########.......... ........#
#......########### ........#
#............ #
.......###............ #
#.................... #
#..................(. #
#........@O..##...... #
#....).......##...... #
#(.....##...........#
#.#...(..##...........#
#.....................######
###......##......... #.....
#..(...##......... #.####
####..........#### #.##..
#.....<....# #.##.#


You could see an ogre.

Vanquished Creatures
  A howler monkey (D:2)
  3 adders
  2 oozes
  3 worms
  3 dart slugs
  A leopard gecko (D:1)
  2 orcs (D:3)
  2 giant cockroaches
  3 goblins (D:1)
  4 hobgoblins
  8 jackals
  5 kobolds
  A quokka (D:3)
  A ball python (D:3)
  6 bats (D:1)
  4 frilled lizards (D:1)
  4 rats (D:1)
53 creatures vanquished.

Notes
Turn   | Place    | Note
-------+----------+-------------------------------------------
     0 | D:1      | Borgoz the Gargoyle Fighter began the quest for the Orb.
     0 | D:1      | Reached XP level 1. HP: 14/14 MP: 1/1
   157 | D:1      | Reached XP level 2. HP: 16/19 MP: 2/2
   505 | D:1      | Reached XP level 3. HP: 14/23 MP: 3/3
   904 | D:2      | Reached skill level 1 in Dodging
  1095 | D:2      | Reached XP level 4. HP: 17/29 MP: 4/4
  1394 | D:3      | Reached XP level 5. HP: 29/33 MP: 5/5
  1705 | D:3      | Noticed an ogre
  1717 | D:3      | Mangled by an ogre

Vault maps used:
D:1:      minmay_arrival_stone_box, minmay_gold_behind_fungi
D:3:      kennysheep_small_spiral, st_stairs_7, kennysheep_generic_room_6

Skill      XL: |  1  2  3  4 |
---------------+-------------+-----
Axes           | 2 |  2.6
Dodging        | 1 |  1.5
Fighting       | 4 |  4.0
Armour         | 4 |  4.0
Shields        | 4 |  4.1

Action                   |  1- 3 |  4- 6 || total
-------------------------+-------+-------++-------
Melee: War axe           |   134 |    93 ||   227
  Use: Potion            |       |     1 ||     1
  Eat: Chunk             |       |     3 ||     3
Armor: Scale mail        |    86 |    47 ||   133
Dodge: Dodged            |    56 |    31 ||    87
Block: Shield            |    86 |    47 ||   133

Table legend:
 A = Spawn XP
 B = Non-spawn XP
 C = Spawn XP percentage of total XP
 D = Spawn monster count
 E = Non-spawn monster count
 F = Spawn count percentage of total count
 G = Total turns spent on level
                    A         B        C        D         E        F      G
               +---------+---------+-------+---------+---------+-------+---------
         Total |       0 |     201 |   0.0 |       0 |      53 |   0.0 |  1717
               +---------+---------+-------+---------+---------+-------+---------
           D:1 |       0 |      38 |   0.0 |       0 |      25 |   0.0 |   813
           D:2 |       0 |     113 |   0.0 |       0 |      14 |   0.0 |   494
           D:3 |       0 |      50 |   0.0 |       0 |      14 |   0.0 |   410
               +---------+---------+-------+---------+---------+-------+---------
